 Dungeon Crawl Stone Soup version 0.22-a0-803-gd6d8abe (webtiles) character file.

25 riteheju the Shield-Bearer (level 2, -3/24 HPs)
             Began as a Demonspawn Fighter on July 22, 2018.
             Slain by Natasha (5 damage)
             ... on level 2 of the Dungeon.
             The game lasted 00:01:51 (898 turns).

riteheju the Shield-Bearer (Demonspawn Fighter)      Turns: 898, Time: 00:01:52

Health: -3/24      AC:  6    Str: 16    XL:     2   Next: 86%
Magic:  2/2        EV:  7    Int:  9    God:
Gold:   44         SH:  9    Dex: 12    Spells: 1/1 levels left

rFire    + . .     SeeInvis .   a - +0 long sword
rCold    x . .     Gourm    .   c - +0 shield
rNeg     . . .     Faith    .   b - +0 scale mail
rPois    .         Spirit   .   (no helmet)
rElec    .         Reflect  .   (no cloak)
rCorr    .         Harm     .   (no gloves)
MR       .....                  (no boots)
Stlth    ..........             (no amulet)
HPRegen  0.08/turn              e - ring of fire
MPRegen  0.08/turn              (no ring)

@: slowed, very slow
A: powered by pain 1
a: no special abilities


You were on level 2 of the Dungeon.
You were not hungry.

You visited 1 branch of the dungeon, and saw 2 of its levels.

You collected 44 gold pieces.

Inventory:

Hand Weapons
 a - a +0 long sword (weapon)
Armour
 b - a +0 scale mail (worn)
 c - a +0 shield (worn)
 j - a +0 chain mail
 s - a cursed +0 robe
Jewellery
 e - a ring of fire (left hand)
Scrolls
 g - a scroll of fog {unknown}
 i - 2 scrolls of identify {unknown}
 l - 2 scrolls of blinking {unknown}
 n - a scroll of enchant weapon {unknown}
 p - 2 scrolls of teleportation
 q - a scroll of immolation {unknown}
Potions
 d - a potion of might
 h - a potion of agility {unknown}
 k - a potion of flight {unknown}
 o - 3 potions of heal wounds {unknown}
 r - a potion of curing {unknown}
Comestibles
 f - a ration
 m - 8 chunks of flesh


   Skills:
 + Level 3.1 Fighting
 + Level 2.1 Long Blades
 + Level 2.8 Armour
 + Level 0.2 Dodging
 + Level 3.2 Shields


You had one spell level left.
You didn't know any spells.
Your spell library was empty.

Dungeon Overview and Level Annotations

Branches:
Dungeon (2/15)

Altars:

Annotations:
D:2 Natasha


Innate Abilities, Weirdness & Mutations

You sometimes gain a little power by taking damage.


Message History

Natasha wildly gestures.
Natasha shimmers violently.
Natasha casts a spell at you.
You feel yourself slow down.
Found 13 poisoned needles.
The white imp summons a swarm of flies.
Natasha casts a spell at you. The magic dart hits you!
You barely miss Natasha. The white imp spits at you.
The white imp gestures at you. The puff of frost hits you!
You feel a terrible chill!
Ouch! That really hurt!
You block Natasha's attack.
The white imp laughs crazily.
The white imp gestures at you. The puff of frost hits you!
You feel a terrible chill!
* * * LOW HITPOINT WARNING * * *
Natasha claws you.
You die...

#######.####..< ..
...............
..##############.######.
.(................## #.
#.........####.#..# #.
#...?.....##....).###.
#.........##.#.##..##.
#........$##.#......#.
#...h@....##.#.##...#.
......5.....##.####.[.#.
...?...........#......#.
.....######.####.####.#.
..... #.# #.####.#. ....
#.# #........ ... #.#
#######.. ... #.. #.>
### ##.


You could see Natasha and a white imp.

Vanquished Creatures
  A leopard gecko (D:1)
  4 bats (D:1)
  2 giant cockroaches
  A hobgoblin (D:1)
  2 jackals (D:1)
  A frilled lizard (D:1)
  6 goblins
  4 kobolds (D:1)
  A rat (D:1)
22 creatures vanquished.

Notes
Turn   | Place    | Note
-------+----------+-------------------------------------------
     0 | D:1      | riteheju the Demonspawn Fighter began the quest for the Orb.
     0 | D:1      | Reached XP level 1. HP: 18/18 MP: 1/1
   257 | D:1      | Gained mutation: You sometimes gain a little power by taking damage. [demonic ancestry]
   257 | D:1      | Reached XP level 2. HP: 24/24 MP: 2/2
   893 | D:2      | Noticed Natasha
   898 | D:2      | Slain by Natasha

Vault maps used:
D:1:      dpeg_arrival_snail
D:2:      good_gods_mini_temple, doesnt_xom_only_xom, uniq_natasha

Skill      XL: |  1  2 |
---------------+-------+-----
Shields        | 3 |  3.2
Long Blades    | 2 |  2.1
Fighting       | |  3.1
Armour         | |  2.8
Dodging        | |  0.2

Action                   || total
-------------------------++-------
Melee: Long sword        ||    56
  Use: Scroll            ||     1
Armor: Scale mail        ||    33
Dodge: Dodged            ||    27
Block: Shield            ||    27
       Rpst.: Long sword ||     8

Table legend:
 A = Spawn XP
 B = Non-spawn XP
 C = Spawn XP percentage of total XP
 D = Spawn monster count
 E = Non-spawn monster count
 F = Spawn count percentage of total count
 G = Total turns spent on level
                    A         B        C        D         E        F      G
               +---------+---------+-------+---------+---------+-------+---------
         Total |       0 |      37 |   0.0 |       0 |      22 |   0.0 |   898
               +---------+---------+-------+---------+---------+-------+---------
           D:1 |       0 |      29 |   0.0 |       0 |      18 |   0.0 |   742
           D:2 |       0 |       8 |   0.0 |       0 |       4 |   0.0 |   156
               +---------+---------+-------+---------+---------+-------+---------
